 Dungeon Crawl Stone Soup version 0.22.1-5-g62c59d919a (webtiles) character file.

371 Peloso the Shield-Bearer (level 6, -2/53 HPs)
             Began as a Minotaur Fighter on Jan 10, 2019.
             Was an Initiate of Okawaru.
             Splashed by Ijyb's acid (10 damage)
             ... on level 4 of the Dungeon.
             The game lasted 00:06:46 (3687 turns).

Peloso the Shield-Bearer (Minotaur Fighter)         Turns: 3687, Time: 00:06:47

Health: -2/53      AC:  3    Str: 21    XL:     6   Next: 42%
Magic:  5/5        EV:  6    Int: 11    God:    Okawaru [......]
Gold:   209        SH: 10    Dex: 11    Spells: 5/5 levels left

rFire    . . .     SeeInvis .   a - +0 long sword
rCold    . . .     Gourm    .   c - +0 shield
rNeg     . . .     Faith    .   e - +0 chain mail
rPois    .         Spirit   .   (helmet restricted)
rElec    .         Reflect  .   l - +0 cloak
rCorr    .         Harm     .   (no gloves)
MR       .....                  (no boots)
Stlth    ..........             (no amulet)
HPRegen  0.17/turn              k - +6 ring of intelligence
MPRegen  0.09/turn              (no ring)

@: corroded
A: retaliatory headbutt, horns 2
a: Renounce Religion


You were on level 4 of the Dungeon.
You worshipped Okawaru.
Okawaru was noncommittal.
You were not hungry.

You visited 1 branch of the dungeon, and saw 4 of its levels.

You collected 209 gold pieces.

Inventory:

Hand Weapons
 a - a +0 long sword (weapon)
Armour
 b - a +0 scale mail
 c - a +0 shield (worn)
 e - a +0 chain mail (worn)
 l - a +0 cloak (worn)
Jewellery
 k - a +6 ring of intelligence (left hand)
Scrolls
 g - a scroll of teleportation {unknown}
 i - 2 scrolls of fear {unknown}
 j - a scroll of remove curse {unknown}
 m - a scroll of identify {unknown}
Potions
 d - a potion of might
 h - a potion of brilliance {unknown}
 n - a potion of berserk rage {unknown}
 o - a potion of magic {unknown}
 p - 2 potions of ambrosia {unknown}
 q - a potion of resistance {unknown}
 r - a potion of mutation {unknown}
Comestibles
 f - 5 rations


   Skills:
 + Level 4.6 Fighting
 + Level 5.4 Long Blades
 + Level 4.9 Armour
 + Level 0.5 Dodging
 + Level 5.5 Shields


You had 5 spell levels left.
You didn't know any spells.
Your spell library was empty.

Dungeon Overview and Level Annotations

Branches:
Dungeon (4/15)
 Temple: D:4-7

Altars:
Elyvilon
Gozag
Hepliaklqana
Kikubaaqudgha
Makhleb
Okawaru
Yredelemnul

Annotations:
D:4 Ijyb


Innate Abilities, Weirdness & Mutations

You reflexively headbutt those who attack you in melee.
You have a pair of horns on your head.


Message History

You hit the orc. You headbutt the orc.
You kill the orc!
Okawaru accepts your kill.
Items here: ( ) [ ††† Ijyb and a skeleton come into view.
Ijyb shouts!
Found a leather armour.
The adder skeleton bites you but does no damage.
The adder skeleton barely misses you. You furiously retaliate!
You headbutt the adder skeleton. You closely miss the adder skeleton.
You headbutt the adder skeleton!
You destroy the adder skeleton!
Okawaru accepts your kill. Ijyb hits you but does no damage.
Ijyb zaps a wand.
The bolt of acid hits you! The acid corrodes you!
You are splashed with acid!
The acid burns!
It is a wand of acid (8).
You hit Ijyb but do no damage.
Ijyb zaps a wand.
The bolt of acid hits you!
* * * LOW HITPOINT WARNING * * *
The acid corrodes you!
You are splashed with acid!
The acid burns!
You die...

#.# #.#........# #.#
#.#........# ..#
#.#........# ###
#.#........# .
###.#........# ...
#...#........###..g..
###.###................
.##.# ........###.....
.##.# ........g@# ...
.##.# #########.# .
.##.######## #.#
..#.#......# #.#
#.#.#.####.# #.#
#...#.# #.# #.# #####.#
#.# #.# #.....#
#(#####.# #.#####
#...)...#


You could see Ijyb.

Vanquished Creatures
  A sky beast (D:2)
  A scorpion (D:4)
  An orc wizard (D:3)
  Crazy Yiuf (D:2)
  6 adders
  2 oozes (D:2)
  An adder skeleton (D:4)
  2 worms
  3 dart slugs
  A leopard gecko (D:1)
  14 orcs
  11 bats
  2 giant cockroaches (D:1)
  10 goblins
  5 hobgoblins
  3 jackals (D:3)
  8 kobolds
  3 quokkas (D:2)
  5 frilled lizards
  7 rats
  A fungus (D:2)
88 creatures vanquished.

Notes
Turn   | Place    | Note
-------+----------+-------------------------------------------
     0 | D:1      | Peloso the Minotaur Fighter began the quest for the Orb.
     0 | D:1      | Reached XP level 1. HP: 19/19 MP: 0/0
   146 | D:1      | Reached XP level 2. HP: 27/27 MP: 1/1
   793 | D:2      | Reached XP level 3. HP: 33/33 MP: 2/2
   833 | D:2      | Noticed a sky beast
   858 | D:2      | Killed a sky beast
   858 | D:2      | Reached XP level 4. HP: 5/41 MP: 3/3
  1060 | D:2      | Reached XP level 5. HP: 35/47 MP: 4/4
  1485 | D:2      | Found a runed door.
  1489 | D:2      | Noticed Crazy Yiuf
  1506 | D:2      | Killed Crazy Yiuf
  1506 | D:2      | Reached skill level 5 in Shields
  1975 | D:3      | Reached skill level 5 in Long Blades
  1975 | D:3      | Reached XP level 6. HP: 15/53 MP: 5/5
  2014 | D:3      | HP: 2/53 [poisoned by an orc wizard]
  2020 | D:2      | HP: 2/53 [poisoned by an orc wizard]
  2025 | D:2      | HP: 2/53 [poisoned by an orc wizard]
  2805 | D:3      | Found an opulent altar of Gozag.
  2805 | D:3      | Found an ancient bone altar of Kikubaaqudgha.
  3171 | D:4      | Found a basalt altar of Yredelemnul.
  3171 | D:4      | Found a hazy altar of Hepliaklqana.
  3176 | D:4      | Found a white marble altar of Elyvilon.
  3178 | D:4      | Found an iron altar of Okawaru.
  3180 | D:4      | Found a burning altar of Makhleb.
  3184 | D:4      | Became a worshipper of Warmaster Okawaru
  3674 | D:4      | Noticed Ijyb
  3687 | D:4      | Splashed by Ijyb's acid

Skill      XL: |  1  2  3  4  5 |
---------------+----------------+-----
Shields        | 4 5 |  5.5
Fighting       | 4 |  4.6
Long Blades    | 3 4 5 |  5.4
Armour         | 4 |  4.9
Dodging        | |  0.5

Action                   |  1- 3 |  4- 6 || total
-------------------------+-------+-------++-------
Melee: Long sword        |    78 |   168 ||   246
       Headbutt          |    11 |    30 ||    41
  Use: Potion            |       |     3 ||     3
  Eat: Chunk             |       |     6 ||     6
       Ration            |       |     1 ||     1
Armor: Scale mail        |     6 |       ||     6
       Chain mail        |    39 |    61 ||   100
Dodge: Dodged            |    18 |    37 ||    55
Block: Shield            |    36 |    78 ||   114
       Rpst.: Long sword |     3 |     7 ||    10
